AoeStats
← oslepov1

Arena

506431589Analyzed
1v1 RM · 19d ago on Sep 13, 2026· 54m 23s· 2 players
Game mode
Random Map
Map size
Tiny (2 player)
Population
200
Speed
Normal
Resources
Standard
Victory
Conquest
Starting age
Dark Age
Ending age
Imperial Age
RankedLock teamsTeams togetherTeam positionsShared explorationLock speedFull tech treeHidden civsTurbo modeCheats
Victory
Defeat
🇨🇭 Magyars · Switzerland
709
+17
🇬🇧 Lithuanians · United Kingdom
735
-41
nikolai3toaster
12:30 Feudal Age
10:47 Loom
13:14 Double-Bit Axe
13:42 Horse Collar
16:57 Bloodlines
22:12 Wheelbarrow
24:39 Castle Age
24:11 Scale Barding Armor
24:27 Gold Mining
24:31 Stone Mining
25:30 Fletching
25:42 Padded Archer Armor
25:44 Light Cavalry
26:24 Husbandry
26:55 Chain Barding Armor
26:57 Heavy Plow
27:22 Bow Saw
29:43 Gold Shaft Mining
29:11 Pikeman
30:47 Scale Mail Armor
34:35 Corvinian Army
37:09 Ballistics
36:45 Murder Holes
40:26 Imperial Age
38:16 Hand Cart
39:00 Chain Mail Armor
38:42 Bodkin Arrow
39:06 Leather Archer Armor
40:14 Thumb Ring
41:17 Recurve Bow
41:49 Heavy Cavalry Archer
43:12 Crop Rotation
43:46 Two-Man Saw
42:49 Elite Magyar Huszar
44:52 Plate Barding Armor
44:18 Bracer
46:10 Siege Engineers
47:06 Chemistry
47:17 Parthian Tactics
oslepov1
7:23 Loom
9:18 Feudal Age
10:34 Double-Bit Axe
10:31 Horse Collar
18:28 Gold Mining
18:28 Stone Mining
23:05 Castle Age
22:09 Bloodlines
25:04 Husbandry
24:25 Light Cavalry
27:38 Forging
27:33 Scale Barding Armor
38:55 Pikeman
39:36 Squires
41:31 Chain Barding Armor
41:47 Iron Casting
44:03 Imperial Age
45:28 Wheelbarrow
47:53 Halberdier
48:31 Cavalier
48:32 Winged Hussar
Connection lost

Rejoining the realm…

Still unreachable

The connection could not be restored.

Session expired

The server has moved on; the page needs a fresh start.